 Dungeon Crawl Stone Soup version 0.19-a0-1912-g48530cd (webtiles) character file.

184 Firecrotchwizard the Skirmisher (level 5, -2/48 HPs)
             Began as a Minotaur Fighter on Dec 16, 2016.
             Slain by a gnoll
             ... wielding a +0 halberd
              (10 damage)
             ... on level 2 of the Dungeon.
             The game lasted 00:03:55 (2287 turns).

Firecrotchwizard the Skirmisher (Minotaur Fighter)  Turns: 2287, Time: 00:03:56

Health: -2/48      AC: 12    Str: 20    XL:     5   Next: 36%
Magic:  4/4        EV:  5    Int:  5    God:
Gold:   107        SH:  9    Dex: 11    Spells: 4/4 levels left

rFire  . . .     SeeInvis +     a - +0 flail
rCold  . . .     Faith    .     k - +0 chain mail
rNeg   . . .     Spirit   .     c - +0 shield
rPois  .         Reflect  .     (helmet restricted)
rElec  .                        l - +2 cloak
rCorr  .                        (no gloves)
MR     .....                    (no boots)
Stlth  ..........               (no amulet)
                                (no ring)
                                p - ring of see invisible

@: no status effects
A: retaliatory headbutt, horns 2
a: no special abilities


You were on level 2 of the Dungeon.
You were not hungry.

You visited 1 branch of the dungeon, and saw 2 of its levels.

You collected 107 gold pieces.

Inventory:

Hand Weapons
 a - a +0 flail (weapon)
Armour
 b - a +0 scale mail
 c - a +0 shield (worn)
 k - a +0 chain mail (worn)
 l - a +2 cloak (worn)
 u - a +0 helmet
Jewellery
 p - a ring of see invisible (left hand)
Wands
 r - a wand of polymorph (8/24)
 t - a wand of polymorph (0/24)
Scrolls
 e - 2 scrolls of identify {unknown}
 i - 2 scrolls of enchant armour {unknown}
 j - a scroll of recharging {unknown}
 m - a scroll of fear {unknown}
 o - 2 scrolls of teleportation {unknown}
Potions
 d - a potion of might
 f - 3 potions of heal wounds {unknown}
 g - a potion of cancellation {unknown}
 h - a potion of agility {unknown}
 n - a potion of resistance {unknown}
 s - a potion of mutation {unknown}
Books
 q - a book of Enchantments

   Spells                             Type                      Level
   a - Cause Fear                     Hexes                        4
   b - Yara's Violent Unravelling     Hexes/Transmutation          5
   c - Silence                        Hexes/Air                    5
   d - Deflect Missiles               Charms/Air                   6
   e - Haste                          Charms                       6
   f - Discord                        Hexes                        8


   Skills:
 * Level 5.4 Fighting
 * Level 4.2 Maces & Flails
 + Level 4.2 Armour
 + Level 4.4 Shields


You had 4 spell levels left.
You didn't know any spells.

Dungeon Overview and Level Annotations

Branches:
Dungeon (2/15)
   Lair: D:-1         Crypt: Vaults:-1     Tomb: Vaults:-1

Altars:
Trog


Innate Abilities, Weirdness & Mutations

You reflexively headbutt those who attack you in melee.
You have a pair of horns on your head.


Message History

You barely miss the gnoll. The gnoll hits you with a halberd (8)!
You block the gnoll's attack.
You sock the gnoll (10)!
The gnoll is severely wounded.
The gnoll hits you but does no damage. You block the gnoll's attack.
You closely miss the gnoll.
The gnoll is severely wounded.
The gnoll hits you with a halberd (9)!
* * * LOW HITPOINT WARNING * * *
The gnoll closely misses you.
You hit the gnoll (4).
You kill the gnoll!
The gnoll hits you but does no damage. The gnoll barely misses you.
Things that are here:
a halberd; a gnoll corpse You hit the gnoll (4).
Your headbutt misses the gnoll.
The gnoll is moderately wounded.
The gnoll hits you with a halberd (10)!
You die...

##.##.......###...# #.# ###
...####....## ##### #.# #.. ##.#
#....# #.# #.# ##.#######'## #.#
#.. .......##...## ##.## ###
.#.###.#.....## ##.#.# # .#.#
#........## ##.#..# ##
...###.........####.....########.
.....'....)...gg@)...........(.>.
...###.........####...##########.
.#.# #........## ##..# #.
.#.###.#.....## ##.# #.
.......##...## #.# #.
##.#######'####### #.# #. #.#
#.......# #.# #. #.# #.#####.#
#.# #. #.#######(#####.####.# #.


You could see 2 gnolls.

Vanquished Creatures
  Natasha (thrice) (D:2)
  2 gnolls (D:2)
  3 adders (D:2)
  An ooze (D:1)
  2 dart slugs
  3 leopard geckos
  2 giant cockroaches
  8 goblins
  7 hobgoblins
  A ball python (D:2)
  10 bats
  2 frilled lizards (D:1)
  5 kobolds
  7 rats
56 creatures vanquished.

Notes
Turn   | Place    | Note
-------+----------+-------------------------------------------
     0 | D:1      | Firecrotchwizard the Minotaur Fighter began the quest for the Orb.
     0 | D:1      | Reached XP level 1. HP: 19/19 MP: 0/0
   103 | D:1      | Reached XP level 2. HP: 26/27 MP: 1/1
   164 | D:1      | Reached skill level 4 in Fighting
   364 | D:1      | Reached XP level 3. HP: 32/34 MP: 2/2
  1152 | D:2      | Noticed Natasha
  1169 | D:2      | Killed Natasha
  1266 | D:2      | Noticed Natasha
  1268 | D:2      | Killed Natasha
  1268 | D:2      | Reached XP level 4. HP: 33/41 MP: 3/3
  1327 | D:2      | Found a bloodstained altar of Trog.
  1566 | D:2      | Reached skill level 5 in Fighting
  1601 | D:2      | Noticed Natasha
  1618 | D:2      | Killed Natasha
  1618 | D:2      | Reached XP level 5. HP: 32/48 MP: 4/4
  2287 | D:2      | Slain by a gnoll

Vault maps used:
D:1:      minmay_arrival_pointy
D:2:      bloody_trog, uniq_natasha

Skill      XL: |  1  2  3  4  5 |
---------------+----------------+-----
Fighting       | 4 5 |  5.4
Maces & Flails | 3 4 |  4.2
Armour         | 4 |  4.2
Shields        | 4 |  4.4

Action                   |  1- 3 |  4- 6 || total
-------------------------+-------+-------++-------
Melee: Flail             |    70 |    85 ||   155
       Headbutt          |     8 |    11 ||    19
       Unarmed           |    15 |       ||    15
Armor: Scale mail        |    22 |       ||    22
       Chain mail        |    33 |    61 ||    94
Dodge: Dodged            |    27 |    27 ||    54
Block: Shield            |    47 |    48 ||    95
